Map: Blueshift LE

Players

MrTingly

  • Race: Terran Terran
  • League: Diamond
  • Spawn Location: 1:00

RandomSkill - Winner!

  • Race: Terran Terran
  • Spawn Location: 7:00

VOD

Have the link to the VOD?

Description

TvT Tingly

Time

  • Played on: Sept. 28, 2018, 12:53 p.m.
  • Length: 12:00
Show
View Real Time Build Order
Export as new Build Order

MrTingly Terran 

Build Orders:  

Get SALT Encoding   

  12  0:01  SCV  
  13  0:13  SCV  
  14  0:18  Supply Depot  
  14  0:28  SCV  
  15  0:34  Refinery  
  15  0:40  SCV  
  16  0:51  Barracks  
  16  0:52  SCV  
  18  1:04  SCV  
  18  1:43  Engineering Bay  
  18  1:44  Orbital Command  
  18  1:48  Refinery  
  18  1:50  Factory  
  18  1:51  Marine  
  18  2:00  Supply Depot  
  18  2:09  Marine  
  18  2:11  SCV  
  20  2:23  SCV  
  21  2:30  Marine  
  21  2:34  Supply Depot  
  21  2:36  Starport  
  22  2:37  Factory Tech Lab  
  22  2:47  Marine  
  23  3:03  Siege Tank  
  23  3:05  Marine, SCV  
  27  3:10  Supply Depot  
  28  3:17  SCV  
  29  3:20  Medivac  
  29  3:23  Marine  
  32  3:29  SCV  
  33  3:35  Siege Tank  
  33  3:41  Marine  
  37  3:50  Medivac  
  37  3:52  SCV  
  40  4:01  Marine  
  41  4:04  SCV  
  42  4:11  Command Center  
  42  4:15  Supply Depot  
  42  4:17  SCV  
  43  4:36  SCV  
  43  4:37  Barracks Tech Lab  
  44  4:43  Barracks  
  44  4:46  Barracks  
  44  4:48  SCV  
  45  5:00  SCV  
  43  5:07  Marine  
  43  5:08  Siege Tank  
  47  5:15  Medivac  
  47  5:25  Marine  
  42  5:35  Combat Shield  
  42  5:42  Marine  
  43  5:43  Marine x2  
  43  5:45  Hellion  
  43  5:46  Medivac  
  49  5:52  SCV  
  50  6:00  Marine  
  50  6:01  Marine  
  52  6:06  Barracks  
  52  6:07  Barracks, SCV  
  53  6:15  Orbital Command  
  53  6:27  Marine x3  
  53  6:29  Medivac  
  58  6:33  Siege Tank  
  58  6:37  SCV  
  62  6:45  Marine  
  60  6:53  Marine x2  
  60  6:54  Marine x2  
  62  6:59  Supply Depot  
  64  7:03  Marine  
  65  7:09  SCV x2  
  67  7:16  Stimpack  
  67  7:17  Marine x3  
  67  7:19  Starport Reactor  
  67  7:20  Marine  
  67  7:21  SCV  
  72  7:29  Factory  
  72  7:31  Marine  
  72  7:34  SCV x2  
  72  7:35  Marine x2  
  77  7:40  Supply Depot  
  77  7:44  Supply Depot  
  77  7:46  SCV  
  77  7:48  Marine  
  78  8:02  Siege Tank, Marine x4  
  85  8:06  Marine  
  78  8:20  Marine  
  66  8:30  Marine x4  
  66  8:33  Medivac x2, Factory Tech Lab  
  63  8:37  Marine  
  59  8:43  Siege Tank  
  59  8:48  Marine x4  
  65  8:52  SCV  
  65  8:53  SCV  
  68  8:55  Marine  
  69  9:03  Medivac  
  69  9:05  Marine x2, SCV x2  
  69  9:06  Marine x2  
  69  9:07  Medivac  
  69  9:09  Hellion  
  81  9:12  Command Center  
  81  9:13  Marine  
  81  9:15  Refinery  
  82  9:18  Refinery  
  82  9:20  Supply Depot  
  82  9:23  Marine x3  
  85  9:35  Marine x2  
  87  9:41  Siege Tank, Marine x3  
  92  9:53  Marine x2  
  92  9:59  Marine  
  89  10:12  Marine x3  
  89  10:13  Marine  
  78  10:14  Siege Tank x2  
  78  10:17  Marine  
  78  10:18  SCV  
  84  10:21  SCV  
  84  10:29  SCV  
  84  10:30  SCV  
  84  10:31  Supply Depot  
  84  10:33  SCV  
  87  10:39  Marine  
  87  10:40  Marine x3  
  87  10:41  Medivac x2  
  88  10:45  Engineering Bay  
  88  10:47  Engineering Bay  
  88  10:50  Orbital Command  
  88  10:54  Supply Depot  
  87  10:58  Marine x5  
  87  11:03  Siege Tank, Supply Depot  
  93  11:16  Marine x3  
  69  11:18  Supply Depot  
  61  11:26  Marine x2  
  55  11:33  Marine  
  55  11:34  Marine x2  
Show
View Real Time Build Order
Export as new Build Order

RandomSkill Terran - Winner!

Build Orders:  

Get SALT Encoding   

  12  0:01  SCV  
  13  0:13  SCV  
  14  0:18  Supply Depot  
  14  0:25  SCV  
  14  0:28  Refinery  
  15  0:40  SCV  
  16  0:45  Barracks  
  16  0:52  SCV  
  17  1:04  SCV  
  18  1:16  SCV  
  19  1:28  SCV  
  19  1:32  Reaper  
  21  1:43  Refinery  
  21  1:49  Factory  
  21  1:56  Command Center  
  21  2:01  SCV  
  22  2:06  Barracks Reactor  
  22  2:15  Supply Depot  
  22  2:19  Orbital Command  
  22  2:42  Starport  
  22  2:49  SCV  
  23  3:01  SCV  
  23  3:03  Cyclone  
  27  3:10  Supply Depot  
  27  3:13  SCV  
  28  3:25  SCV  
  30  3:29  Orbital Command  
  30  3:31  Barracks Tech Lab  
  30  3:32  Starport Reactor  
  29  3:38  Engineering Bay, SCV  
  30  3:50  SCV  
  31  3:57  SCV  
  31  3:59  Cyclone  
  31  4:02  SCV  
  36  4:05  Cyclone  
  39  4:11  Liberator  
  39  4:13  SCV  
  39  4:14  SCV  
  41  4:25  SCV  
  41  4:26  Liberator  
  45  4:36  Supply Depot  
  45  4:38  SCV x2  
  50  4:48  Refinery  
  50  4:50  SCV x2  
  52  4:59  Supply Depot  
  52  5:02  SCV  
  44  5:11  Cyclone  
  46  5:17  Liberator  
  46  5:21  Supply Depot  
  46  5:33  Barracks Tech Lab  
  49  5:37  SCV  
  49  5:38  SCV  
  51  5:48  Factory Tech Lab  
  52  5:50  SCV  
  52  5:55  Barracks x2  
  52  5:56  Barracks  
  52  6:08  SCV x2  
  54  6:14  Refinery  
  54  6:15  Siege Tank  
  57  6:18  Stimpack  
  57  6:30  Viking x2  
  61  6:43  Barracks  
  61  6:46  SCV  
  59  6:47  Engineering Bay  
  59  6:49  Engineering Bay  
  59  6:51  Barracks Tech Lab  
  59  6:52  Barracks Tech Lab, Barracks Reactor  
  59  6:56  Marine  
  59  6:58  SCV  
  59  6:59  SCV  
  62  7:09  Viking x2  
  62  7:10  SCV  
  62  7:11  SCV  
  62  7:12  Marine x2  
  62  7:14  Concussive Shells, Marine  
  71  7:23  SCV x2  
  71  7:24  Supply Depot  
  71  7:25  Supply Depot  
  71  7:26  Supply Depot  
  71  7:27  Terran Infantry Weapons Level 1, Supply Depot  
  73  7:30  Marine x2  
  73  7:31  Terran Infantry Armor Level 1  
  73  7:32  Marine  
  73  7:35  SCV x2  
  78  7:47  Command Center, Marine, Supply Depot  
  78  7:48  Marine  
  78  7:50  Marine  
  81  7:53  Marine x3  
  87  7:58  Siege Tank  
  87  8:05  Marine x2  
  87  8:07  Marine  
  87  8:11  Marine x3  
  93  8:19  Combat Shield  
  91  8:23  Marine x2  
  91  8:25  Marine  
  87  8:28  Marine  
  87  8:30  Siege Tank  
  82  8:41  Marauder  
  82  8:42  Marauder  
  82  8:44  Marauder  
  82  8:45  Marine x2  
  82  8:46  Marine  
  91  8:51  Viking  
  91  8:52  Medivac  
  91  8:53  Armory  
  95  8:59  SCV x3  
  98  9:02  Marine  
  98  9:03  Marauder, Marine x2  
  98  9:04  Marine x2  
  105  9:11  SCV  
  105  9:15  Command Center  
  106  9:20  Marine  
  106  9:21  Medivac, Marine x2  
  106  9:22  Medivac, Marine x2  
  115  9:34  Liberator  
  115  9:35  Orbital Command  
  115  9:37  SCV  
  115  9:38  SCV  
  117  9:40  Armory  
  117  9:47  Siege Tank, Marine  
  117  9:48  Marine x5  
  117  9:50  SCV x2  
  131  10:02  SCV x2  
  131  10:04  Liberator  
  131  10:05  Marine x2  
  124  10:14  SCV x2  
  123  10:17  Liberator  
  123  10:19  Siege Tank  
  127  10:39  Marine x2  
  127  10:40  SCV x3  
  132  10:45  Marine  
  133  10:52  Command Center  
  133  10:57  Liberator  
  133  10:58  Supply Depot x2  
  133  10:59  Supply Depot  
  133  11:03  Supply Depot  
  133  11:13  Marine x4, SCV x2  
  126  11:22  Supply Depot  
  126  11:23  Supply Depot x2  
  119  11:28  Supply Depot  
  116  11:36  Marine  
  116  11:40  Marine x5  
Tags
 
League
Diamond
Matchup
TvT
Race
Terran
Spawn Locations
Cross Positions
Add a new tag
Caveats
  • Supply blocks, unpowered buildings, or Contaminate may cause inaccurate times.
  • Supply counts are checked every 10 seconds.